 Dungeon Crawl Stone Soup version 0.26-a0-670-g578ab304f5 (webtiles) character file.

Game seed: 12091356166568612008

1906 ANON1729 the Slasher (level 9, -3/64 (65) HPs)
             Began as an Octopode Chaos Knight on Oct 19, 2020.
             Was a Plaything of Xom.
             Slain by a meliai zombie (9 damage)
             ... on level 7 of the Dungeon.
             The game lasted 00:14:06 (6907 turns).

ANON1729 the Slasher (Octopode Chaos Knight)        Turns: 6907, Time: 00:14:07

HP:   -3/64 (65)    AC:  2    Str: 14      XL:     9   Next: 16%
MP:   7/9           EV: 16    Int: 15      God:    Xom [....*.]
Gold: 399           SH:  0    Dex: 10 (11) Spells: 8/8 levels left

rFire    + . .     SeeInvis .   a - +0 falchion (chaos)
rCold    + . .     Faith    .   (no shield)
rNeg     . . .     Spirit   .   (helmet restricted)
rPois    +         Reflect  .   n - amulet of magic regeneration
rElec    .         Harm     .   p - ring of stealth
rCorr    .         Rampage  .   (no ring)
MR       +....                  (no ring)
Stlth    ++++......             (no ring)
HPRegen  0.60/turn              (no ring)
MPRegen  0.36/turn              (no ring)
                                (no ring)
                                (no ring)

@: invisible
A: almost no armour, stealthy swim, amphibious, 8 rings, constrict 8, tentacle
spike 3, rugged brown scales 1, camouflage 2, cold resistance 1, fire resistance
1, high mp 1, magic resistance 1, mutation resistance 1, poison resistance,
regeneration 1, gelatinous body 1, MP-powered wands
a: Renounce Religion


You were on level 7 of the Dungeon.
You worshipped Xom.
You were a beloved toy of Xom.
You visited 1 branch of the dungeon, and saw 7 of its levels.
You also visited: Sewer.

You collected 527 gold pieces.
You spent 128 gold pieces at shops.

Inventory:

Hand Weapons
 a - a +0 falchion of chaos (weapon)
Missiles
 s - 2 javelins (quivered)
 v - a throwing net
Jewellery
 n - an amulet of magic regeneration (around mantle)
 p - a ring of stealth (left tentacle)
Wands
 m - a wand of disintegration (4)
 r - a wand of polymorph (10)
 x - a wand of iceblast (8)
Scrolls
 e - 6 scrolls of teleportation
 g - a scroll of enchant armour
 h - a scroll of enchant weapon {unknown}
 i - 3 scrolls of immolation
 l - 2 scrolls of amnesia {unknown}
 o - 4 scrolls of remove curse {unknown}
 t - 2 scrolls of magic mapping
 w - 5 scrolls of identify
Potions
 b - 3 potions of brilliance {unknown}
 c - a potion of lignification {unknown}
 d - 9 potions of curing {unknown}
 f - 8 potions of heal wounds {unknown}
 j - 2 potions of invisibility
 k - a potion of mutation {unknown}
 q - 2 potions of berserk rage {unknown}
 u - a potion of resistance {unknown}
 z - 2 potions of flight {unknown}
 A - a potion of ambrosia {unknown}


   Skills:
 + Level 7.3 Fighting
 + Level 7.4 Long Blades
 + Level 7.1 Dodging


You had 8 spell levels left.
You didn't know any spells.
Your spell library contained the following spells:

 Spells                   Type           Power        Failure   Level
 Magic Dart               Conj           #...         26%         1
 Blink                    Tloc           N/A          38%         2
 Call Imp                 Summ           #.......     38%         2
 Slow                     Hex            #.......     38%         2
 Conjure Flame            Conj/Fire      #.......     63%         3
 Mephitic Cloud           Conj/Pois/Air  #.......     63%         3


Dungeon Overview and Level Annotations

Branches:
Dungeon (7/15)             Temple (0/1) D:7           Sewer (visited)

Altars:
Dithmenos
Elyvilon
Makhleb
Nemelex Xobeh
Qazlal
Sif Muna
Trog
Wu Jian
Yredelemnul
The Shining One

Shops:
D:4 [(}(*   D:5 *   D:6 =


Innate Abilities, Weirdness & Mutations

You cannot wear most types of armour.
You are very stealthy in the water. (Stealth+)
You are amphibious.
You can wear up to eight rings at the same time.
You can use your tentacles to constrict eight enemies at once.
Your skin blends seamlessly with your surroundings (Stealth++).
Your rubbery body absorbs attacks. (AC +1, EV +1)
One of your tentacles bears a large vicious spike.
You are partially covered in rugged brown scales. (AC +1, +3% HP)
Your flesh is cold resistant. (rC+)
Your flesh is heat resistant. (rF+)
You have an increased reservoir of magic. (+10% MP)
You are resistant to hostile enchantments. (MR+)
You are somewhat resistant to further mutation.
Your system is resistant to poisons. (rPois)
Your natural rate of healing is unusually fast.
You expend magic power (3 MP) to strengthen your wands.


Message History

Your squeeze misses something. Something hits you! Something hits you. x2
Something hits you!
You are too injured to fight recklessly!
Evoke which item? (* to show all) (? for menu, Esc to quit)
Aiming: Disintegrate
Press: ? - help, Shift-Dir - straight line, f - iguana
Aim: an iguana (chance to defeat MR: 79%)
You feel a surge of power!
Something is blasted!
Something hits you! Something hits you.
* * * LOW HITPOINT WARNING * * *
Something hits you but does no damage. Something hits you!
* * * LOW HITPOINT WARNING * * *
Something closely misses you. Something barely misses you.
Evoke which item? (* to show all) (? for menu, Esc to quit)
Okay, then.
You fade into invisibility!
Something hits you.
* * * LOW HITPOINT WARNING * * *
Something hits you!
You die...

.....# #.........# .....###
######.#.....#.# .>...'.#
#........._....# ....[#.#
#.###..#.....#.#
.....#.#######.###...........
#'####..............#.⌠.⌠.#.#
..# ###.#####.####.........#
.## #.# #.####.#.....#. ##
#.# #..@{{l......... #.#
########.#.####. ###.#####
#...# #...†...# #+###
#.#.###.# ### #.#.###.# ..#
#.#.##..# #.####.......####
................+


You could see an iguana.

Vanquished Creatures
  A wraith (D:6)
  An orc warrior (D:6)
  An ice beast (D:5)
  A sky beast (D:5)
  A necrophage (D:6)
  A phantom (D:6)
  3 ogres
  2 centaurs
  A big kobold (Sewer)
  3 hounds
  An orc priest (D:2)
  2 bullfrog skeletons (D:6)
  An iguana (D:5)
  2 orc wizards
  6 worker ants
  A killer bee zombie (D:5)
  2 hound skeletons
  Robin (D:4)
  5 gnolls
  11 adders
  3 river rats (D:6)
  A shadow imp (D:5)
  2 white imps (D:5)
  An adder skeleton (D:4)
  3 worms
  5 leopard geckos
  23 orcs
  3 ball pythons
  6 bats
  5 giant cockroaches
  11 goblins
  16 hobgoblins
  15 jackals
  2 quokkas
  7 frilled lizards
  A jackal skeleton (D:5)
  9 kobolds
  12 rats
172 creatures vanquished.

Notes
Turn   | Place    | Note
-------+----------+-------------------------------------------
     0 | D:1      | ANON1729 the Octopode Chaos Knight began the quest for the
                  | Orb.
     0 | D:1      | Reached XP level 1. HP: 16/16 MP: 1/1
   149 | D:1      | XOM: 1-stop teleportation journey
   302 | D:1      | Reached XP level 2. HP: 17/21 MP: 2/2
   416 | D:1      | XOM: cast spell 'Summon Ice Beast'
   658 | D:1      | Reached XP level 3. HP: 26/26 MP: 3/3
   794 | D:1      | XOM: silly message
   887 | D:2      | Found a shimmering blue altar of Sif Muna.
  1122 | D:2      | Reached XP level 4. HP: 28/33 MP: 4/4
  1384 | D:1      | XOM: divination: detect items
  1588 | D:2      | XOM: silly message
  1649 | D:2      | XOM: silly message
  1783 | D:2      | Reached XP level 5. HP: 37/37 MP: 5/5
  1913 | D:2      | XOM: divination: magic mapping
  1977 | D:2      | XOM: silly message
  2029 | D:2      | Found a faded altar of an unknown god.
  2029 | D:2      | Found a glowing golden altar of the Shining One.
  2034 | D:2      | Found a bloodstained altar of Trog.
  2036 | D:2      | Found a sparkling altar of Nemelex Xobeh.
  2037 | D:2      | Found an ornate altar of the Wu Jian Council.
  2189 | D:3      | XOM: blink monster(s)
  2289 | D:2      | XOM: god gift: cyan potion {god gift}
  2775 | D:3      | Found a shadowy altar of Dithmenos.
  2780 | D:3      | XOM: scenery: summon butterflies
  2867 | D:3      | Found a stormy altar of Qazlal.
  2884 | D:3      | XOM: scenery: summon butterflies
  3371 | D:3      | XOM: give mutations
  3371 | D:3      | Gained mutation: You expend magic power (3 MP) to
                  | strengthen your wands. [Xom's grace]
  3371 | D:3      | Gained mutation: Your system is resistant to poisons.
                  | (rPois) [Xom's grace]
  3371 | D:3      | Gained mutation: One of your tentacles bears a spike.
                  | [Xom's grace]
  3556 | D:3      | XOM: give mutations
  3556 | D:3      | Gained mutation: Your flesh is heat resistant. (rF+) [Xom's
                  | grace]
  3556 | D:3      | Gained mutation: You evolve. [Xom's grace]
  3556 | D:3      | Gained mutation: You have an increased reservoir of magic.
                  | (+10% MP) [Xom's grace]
  3575 | D:3      | Reached XP level 6. HP: 44/44 MP: 6/6
  3620 | D:3      | XOM: give mutations
  3620 | D:3      | Gained mutation: One of your tentacles bears a nasty spike.
                  | [Xom's grace]
  3620 | D:3      | Gained mutation: Your natural rate of healing is unusually
                  | fast. [Xom's grace]
  3753 | D:3      | XOM: summons 4 hostile shadow creatures
  3888 | D:4      | Noticed Robin
  3905 | D:5      | Entered Level 5 of the Dungeon
  3913 | D:4      | Killed Robin
  4128 | D:4      | XOM: give mutations
  4128 | D:4      | Lost mutation: You evolve. [Xom's grace]
  4128 | D:4      | Gained mutation: You are somewhat resistant to further
                  | mutation. [Xom's grace]
  4128 | D:4      | Gained mutation: You are resistant to hostile enchantments.
                  | (MR+) [Xom's grace]
  4128 | D:4      | Gained mutation: Your skin blends seamlessly with your
                  | surroundings (Stealth++). [Xom's grace]
  4155 | D:4      | Found Amas's Gadget Boutique.
  4236 | D:4      | Found Riaw's General Store.
  4240 | D:4      | Bought a scroll of teleportation for 30 gold pieces
  4240 | D:4      | Bought 2 scrolls of magic mapping for 70 gold pieces
  4304 | D:4      | Found Akyvaxke's Antique Weapon Boutique.
  4401 | D:4      | Found Puclone's Armour Shoppe.
  4408 | D:4      | XOM: 3-stop teleportation journey
  4411 | D:4      | XOM: god gift: 2 javelins
  4503 | D:4      | XOM: confuse monster(s)
  4507 | D:4      | Reached skill level 5 in Fighting
  4507 | D:4      | Reached skill level 5 in Long Blades
  4507 | D:4      | Reached XP level 7. HP: 50/50 MP: 7/7
  4629 | D:4      | Found Xuyfe's Weapon Shop.
  4783 | D:5      | Found Gegro Mirph's General Store.
  4838 | D:5      | Bought a scroll of identify for 28 gold pieces
  5002 | D:5      | Reached skill level 5 in Dodging
  5195 | D:5      | XOM: butterfly on damage
  5197 | D:5      | Reached XP level 8. HP: 38/57 MP: 8/8
  5365 | D:5      | XOM: confuse monster(s)
  5452 | D:5      | XOM: give mutations
  5452 | D:5      | Gained mutation: One of your tentacles bears a large
                  | vicious spike. [Xom's grace]
  5452 | D:5      | Gained mutation: You are partially covered in rugged brown
                  | scales. (AC +1, +3% HP) [Xom's grace]
  5525 | D:5      | XOM: confuse monster(s)
  5642 | D:6      | Found Cez Tun's Jewellery Emporium.
  5649 | D:6      | XOM: god gift: pair of embroidered gloves {god gift}
  5697 | D:6      | XOM: enchant monster (good)
  5762 | D:6      | Noticed a wraith
  5768 | D:6      | XOM: enchant monster (good)
  5843 | D:6      | XOM: scenery: 1 doors open, 1 doors close
  5891 | D:6      | Found a basalt altar of Yredelemnul.
  5983 | D:6      | Found a glowing drain.
  5994 | Sewer    | Entered a sewer
  6097 | Sewer    | Found a white marble altar of Elyvilon.
  6215 | D:6      | XOM: cleaving
  6218 | D:6      | Killed a wraith
  6311 | D:6      | XOM: smoke on damage
  6314 | D:6      | Reached XP level 9. HP: 8/65 MP: 9/9
  6449 | D:6      | XOM: give mutation
  6449 | D:6      | Gained mutation: Your flesh is cold resistant. (rC+) [Xom's
                  | grace]
  6455 | D:6      | XOM: stat loss: -1 Dex (10/11)
  6671 | D:6      | Found a burning altar of Makhleb.
  6867 | D:7      | Found a staircase to the Ecumenical Temple.
  6893 | D:7      | Found a white marble altar of Elyvilon.
  6907 | D:7      | Slain by a meliai zombie

Illustrated notes

Levels and vault maps discovered:
D:1:      sevenhm_arrival_forest_fort_small_4, layout_basic, minmay_liquid_box,
          kennysheep_crisscross, kennysheep_flooded_box
D:2:      layout_basic, overflow_temple_1_default,
          chequers_temple_overflow_minitemple
D:3:      layout_basic, nicolae_overflow_crystal_walls,
          nicolae_qazlal_eye_of_the_storm, kennysheep_generic_room_4
D:4:      layout_loops_cross, serial_shops, shop, kennysheep_mini_moat,
          shop_coins, nicolae_shop_waterfront, nicolae_shop_stone, uniq_robin
D:5:      layout_loops_ring, serial_shops, nicolae_shop_crystal
D:6:      layout_gridville, marbit_many_paths, makhleb_blood_cavern_becter,
          serial_shops, shop_fountains, gup_sewer_entry_bubbles
D:7:      layout_loops_corners, temple_green, minmay_shop_grid_forest,
          elyvilon_altar_5

Skill      XL: |  1  2  3  4  5  6  7  8  9 |
---------------+----------------------------+-----
Dodging        | 3 4 5 6 7 |  7.1
Long Blades    | 4 5 7 |  7.4
Fighting       | 4 5 7 |  7.3

Action                   |  1- 3 |  4- 6 |  7- 9 || total
-------------------------+-------+-------+-------++-------
Melee: Falchion          |    46 |   143 |   166 ||   355
       Constrict         |    12 |    43 |    40 ||    95
       Tentacles         |     9 |    28 |    25 ||    62
       Kick              |       |    31 |    56 ||    87
Throw: Javelin           |       |     2 |     2 ||     4
Evoke: Wand              |       |       |     5 ||     5
  Use: Scroll            |       |     4 |     2 ||     6
       Potion            |       |       |     1 ||     1
 Stab: Sleeping          |     5 |     8 |    17 ||    30
       Petrifying        |       |     1 |       ||     1
       Confused          |       |       |     2 ||     2
       Paralysed         |       |       |     2 ||     2
Armor: Skin              |     4 |     8 |     9 ||    21
Dodge: Dodged            |    25 |   123 |   123 ||   271
       Rpst.: Falchion   |     8 |    35 |    34 ||    77

Table legend: (Time is in decaauts)
 A = Elapsed time spent in this place.
 B = Non-inter-level travel time spent in this place.
 C = Inter-level travel time spent in this place.
 D = Time resting spent in this place.
 E = Time spent auto-exploring this place.
 F = Levels seen in this place.
 G = Mean time per level.
                   A        B        C        D        E       F      G
               +--------+--------+--------+--------+--------+-----+--------+
         Total |   6940 |   6788 |    152 |    745 |   4815 |   8 |  867.5 |
       Dungeon |   6803 |   6651 |    152 |    745 |   4730 |   7 |  971.9 |
         Sewer |    137 |    137 |      0 |      0 |     85 |   1 |  137.0 |
               +--------+--------+--------+--------+--------+-----+--------+

Top non-repeatable levels by time:
     D:2: 1580 daAuts
     D:3: 1224 daAuts
     D:1: 1132 daAuts
     D:6: 1093 daAuts
     D:5: 926 daAuts
     D:4: 732 daAuts
   Sewer: 137 daAuts
     D:7: 113 daAuts
